 Dungeon Crawl Stone Soup version 0.31-a0-210-gccc998df9b (webtiles) character file.

Game seed: 6491730210002162476

21 qw the Shooter (level 2, -1/24 HPs)
             Began as a Minotaur Hexslinger on June 29, 2023.
             Succumbed to Sigmund's poison
             ... on level 2 of the Dungeon.
             The game lasted 00:00:22 (903 turns).

qw the Shooter (Minotaur Hexslinger)                 Turns: 903, Time: 00:00:22

Health: -1/24      AC:  3    Str: 12    XL:     2   Next: 65%
Magic:  2/2        EV: 11    Int: 10    God:
Gold:   32         SH:  0    Dex: 12    Spells: 2/3 levels left

rFire   . . .        Y - +1 sling
rCold   . . .        (no shield)
rNeg    . . .        j - +0 leather armour
rPois   .            (helmet restricted)
rElec   .            (no cloak)
rCorr   .            (no gloves)
SInv    .            (no boots)
Will    .....        (no amulet)
Stlth   +            (no ring)
HPRegen 0.24/turn    (no ring)
MPRegen 0.08/turn

%: no passive effects
@: lethally poisoned (-1 -> -20)
A: horns 2, retaliatory headbutt
a: no special abilities


You were on level 2 of the Dungeon.
You visited 1 branch of the dungeon, and saw 2 of its levels.

You collected 32 gold pieces.


Innate Abilities, Weirdness & Mutations

You have a pair of horns on your head.
You reflexively headbutt those who attack you in melee.


   Skills:
 - Level 2.0 Fighting
 + Level 3.3 Ranged Weapons
 - Level 2.1 Dodging
 - Level 1.0 Spellcasting
 - Level 2.0 Hexes


You had 2 spell levels left.
You knew the following spells:

 Your Spells              Type           Power      Damage    Failure   Level
a - Slow                  Hex            16%        N/A       19%         1

Your spell library contained the following spells:

 Spells                   Type           Power      Damage    Failure   Level
 Inner Flame              Hex/Fire       2%         N/A       65%         3
 Portal Projectile        Hex/Tloc       4%         N/A       65%         3
 Cause Fear               Hex            2%         N/A       88%         4

Inventory:

Hand Weapons
 Y - a +1 sling (weapon)
Armour
 j - a +0 leather armour (worn)
Jewellery
 i - a ring of ice
Scrolls
 a - a scroll of identify
Potions
 e - a potion of lignification {unknown}
 h - a potion of curing {unknown}

Dungeon Overview and Level Annotations

Branches:
Dungeon (2/15)

Altars:

Annotations:
D:2 Sigmund


Message History

You shoot a sling bullet. The sling bullet barely misses Sigmund.
Sigmund misses you.
You shoot a sling bullet.
The sling bullet closely misses Sigmund.
Sigmund hits you from afar with a +2 scythe of venom.
You are poisoned.
You shoot a sling bullet. The sling bullet barely misses Sigmund.
You feel very sick. Sigmund closely misses you.
You shoot a sling bullet. The sling bullet hits Sigmund.
Sigmund is lightly wounded.
You feel very sick.
Sigmund hits you from afar with a +2 scythe of venom!
You are more poisoned.
Enter note:
Enter note:
Enter note:
Enter note:
Enter note:
Enter note:
Enter note:
Enter note:
Enter note:
Enter note:
Enter note:
Enter note:
Enter note:
Enter note:
Enter note:
Enter note:
Enter note:
Enter note:
Enter note:
Enter note:
Enter note:
Enter note:
Enter note:
Enter note:
Enter note: You die...

..... #
#.... .#
#...# ..#.
#...##...#
#.........
#........#
#.........
###.@.......
#<'..@......
###.........
##########


You could see Sigmund.

Vanquished Creatures
  2 bats (D:1)
  3 endoplasms (D:1)
  4 kobolds (D:1)
  3 quokkas (D:1)
  3 ball pythons (D:1)
  2 frilled lizards (D:1)
  2 rats (D:1)
19 creatures vanquished.

Notes
Turn   | Place    | Note
-------+----------+-------------------------------------------
     0 | D:1      | qw the Minotaur Hexslinger began the quest for the Orb.
     0 | D:1      | Reached XP level 1. HP: 16/16 MP: 1/1
     0 | D:1      | 0 ||| qw: Version: 0.3-a-24-g62f9e04
     0 | D:1      | 0 ||| qw: Game counter: 6716
     0 | D:1      | 0 ||| qw: Melee chars always use a shield: true
     0 | D:1      | 0 ||| qw: God list: Okawaru
     0 | D:1      | 0 ||| qw: Allow faded altars: false
     0 | D:1      | 0 ||| qw: Do Orc after clearing Dungeon:15 true
     0 | D:1      | 0 ||| qw: Do second Lair branch before Depths: true
     0 | D:1      | 0 ||| qw: Lair rune preference: random
     0 | D:1      | 0 ||| qw: Goals: Normal
     0 | D:1      | 0 ||| PLANNING D:1-11
    37 | D:1      | 37 ||| FLEEEEING.
    39 | D:1      | 39 ||| FLEEEEING.
    40 | D:1      | 40 ||| FLEEEEING.
    41 | D:1      | 41 ||| FLEEEEING.
    42 | D:1      | 42 ||| FLEEEEING.
    43 | D:1      | 43 ||| FLEEEEING.
    44 | D:1      | 44 ||| FLEEEEING.
    45 | D:1      | 45 ||| FLEEEEING.
    46 | D:1      | 46 ||| FLEEEEING.
    47 | D:1      | 47 ||| FLEEEEING.
    48 | D:1      | 48 ||| FLEEEEING.
    49 | D:1      | 49 ||| FLEEEEING.
    50 | D:1      | 50 ||| FLEEEEING.
    51 | D:1      | 51 ||| FLEEEEING.
    52 | D:1      | 52 ||| FLEEEEING.
    53 | D:1      | 53 ||| FLEEEEING.
    54 | D:1      | 54 ||| FLEEEEING.
    55 | D:1      | 55 ||| FLEEEEING.
   251 | D:1      | Reached skill level 3 in Ranged Weapons
   251 | D:1      | Reached XP level 2. HP: 23/23 MP: 2/2
   642 | D:1      | 642 ||| UPGRADING to +0 leather armour.
   652 | D:1      | 652 ||| DROPPING +0 robe.
   653 | D:1      | 653 ||| READING 2 scrolls labelled ZIUNAU GENOIH.
   654 | D:1      | 654 ||| READING scroll labelled GAPTOPRA DOELU.
   655 | D:1      | 655 ||| READING scroll labelled MUNTIE WOANNA.
   656 | D:1      | 656 ||| DROPPING scroll of poison.
   687 | D:2      | Noticed Sigmund
   689 | D:2      | 689 ||| STAIRDANCE
   761 | D:2      | 761 ||| STAIRDANCE
   780 | D:2      | 780 ||| STAIRDANCE
   850 | D:2      | 850 ||| STAIRDANCE
   902 | D:2      | HP: 4/24 [Sigmund/+2 scythe of venom (9)]
   903 | D:2      | Succumbed to Sigmund's poison

Levels and vault maps discovered:
D:1:      mrwooster_arrival_arrow, layout_loops_ring,
          chequers_serial_rivers_room_b, minmay_heptomino_d4
D:2:      layout_basic, basic_altar, fountainhead, uniq_sigmund

Skill      XL: |  1  2 |
---------------+-------+-----
Ranged Weapons | 3 |  3.3
Fighting       | 2 |  2.0
Dodging        | |  2.1
Spellcasting   | |  1.0
Hexes          | |  2.0

Action                     || total
---------------------------++-------
   Fire: Sling             ||    53
    Use: Scroll            ||     3
 Armour: Robe              ||     4
  Dodge: Dodged            ||    17

Table legend:
 A = Non-vault XP
 B = Vault XP
 C = Vault XP percentage of total XP
 D = Non-vault monster count
 E = Vault monster count
 F = Vault count percentage of total count
                 A         B        C        D         E       F
            +---------+---------+-------+---------+---------+-------
      Total |      26 |       5 |  16.1 |      16 |       3 |  15.8
            +---------+---------+-------+---------+---------+-------
        D:1 |      26 |       5 |  16.1 |      16 |       3 |  15.8
            +---------+---------+-------+---------+---------+-------
